 Dungeon Crawl Stone Soup version 0.28-a0-592-g6fc52098c6 (webtiles) character file.

Game seed: 8136567193942660073

39 MrRokkomies the Insei (level 3, 0/28 HPs)
             Began as a Djinni Transmuter on Oct 4, 2021.
             Slain by an adder (2 damage)
             ... on level 2 of the Dungeon.
             The game lasted 00:03:35 (2645 turns).

MrRokkomies the Insei (Djinni Transmuter)           Turns: 2645, Time: 00:03:36

Health: 0/28       AC:  3    Str:  9    XL:     3   Next: 67%
Gold:   70         EV: 12    Int: 15    God:
                   SH:  0    Dex: 13

rFire   + + .      SeeInvis .     - Unarmed
rCold   x . .      Faith    .   (no shield)
rNeg    . . .      Spirit   .   a - +1 robe
rPois   ∞          Reflect  .   (helmet currently unavailable)
rElec   .          Harm     .   (no cloak)
rCorr   .          Rampage  .   (no gloves)
Will    .....                   (boots unavailable)
Stlth   +.........              (no amulet)
HPRegen 0.09/turn               (no ring)
MPRegen 0.00/turn               (no ring)

@: appendages (expiring), flying
A: horns 2, flying, sickness immunity, fire resistance 2, cold vulnerability 1,
float, innate caster, hp casting, extra vitality 1
a: End Transformation


You were on level 2 of the Dungeon.
You had temporarily grown beastly horns.
You visited 1 branch of the dungeon, and saw 2 of its levels.

You collected 70 gold pieces.

Inventory:

Missiles
 h - 21 sling bullets
Armour
 a - a +1 robe (worn)
 e - a +2 hat (melded)
Jewellery
 j - a ring of magical power
Scrolls
 i - a scroll of enchant weapon


   Skills:
 * Level 2.1 Fighting
 + Level 2.6 Dodging
 * Level 3.5 Unarmed Combat
 - Level 1.5 Spellcasting


You couldn't memorise any spells.
You knew the following spells:

 Your Spells              Type           Power      Damage    Failure   Level
a - Beastly Appendage     Tmut           10%        N/A       12%         1
b - Wereblood             Tmut           5%         N/A       19%         2
c - Spider Form           Tmut/Pois      2%         N/A       36%         3
d - Ice Form              Ice/Tmut       5%         N/A       77%         4
e - Pain                  Necr           20%        1d5       12%         1
Your spell library was empty.

Dungeon Overview and Level Annotations

Branches:
Dungeon (2/15)

Altars:


Innate Abilities, Weirdness & Mutations

You have temporarily grown beastly horns.
You are flying.
You are immune to sickness and miasma.
You are immune to poison.
Your flesh is very heat resistant. (rF++)
You are vulnerable to cold. (rC-)
You float through the air rather than walking.
You learn spells naturally, not from books.
Your magical power is your life essence.
You have superior vitality. (+4 HP)


Message History

Your horns disappear.
Your +2 hat unmelds from your body.
The adder bites you but does no damage.
Casting: Beastly Appendage (safe; 12% risk of failure)
Confirm with . or Enter, or press ? or * to list all spells.
You grow a pair of large bovine horns.
Your +2 hat melds into your body.
The adder bites you. The adder barely misses you.
You closely miss the adder. Your headbutt misses the adder.
The adder bites you.
You miss the adder. The adder bites you.
You closely miss the adder. The adder bites you.
* * * LOW HITPOINT WARNING * * *
You hit the adder but do no damage.
Your transformation is almost over.
The adder bites you but does no damage.
You miss the adder. The adder bites you.
* * * LOW HITPOINT WARNING * * *
You hit the adder.
The adder is lightly wounded.
The adder closely misses you. The adder barely misses you.
You feel better. The adder closely misses you.
It was a potion of flight.
You feel more buoyant. The adder bites you.
It was a potion of magic.
Magic washes over you without effect. The adder bites you but does no damage.
You aren't carrying any potions.
As you read the scroll labelled TIGIWNACAKH, it crumbles to dust.
Your body is wracked with pain!
* * * LOW HITPOINT WARNING * * *
The adder convulses!
It was a scroll of torment.
The adder closely misses you. x2
As you read the scroll labelled FAFAEDD NABO, it crumbles to dust.
It is a scroll of identify.
i - a scroll of enchant weapon The adder misses you.
As you read the scroll labelled YVOOQI CEYT, it crumbles to dust.
It is a scroll of enchant armour.
Your +0 robe glows green for a moment.
The adder bites you.
* * * LOW HITPOINT WARNING * * *
The adder bites you.
You die...

..#.# #.#....##########
#.#.####......#........#
#)#......#....#........#
#........#.............#
#...........###†.......#
....###..### ###.######
....# #..# ###..## .##.#
#..# ##..S..## .# ..#
#.# ##...@...## ## #.#
#.# #.........# #
#.###.###.........#
#...#..##.........#
######.#.............#
.....................#
.#####...#...........#
## ##..............#
######...#..>......#


You could see an adder.

Vanquished Creatures
  2 dart slugs (D:2)
  6 bats
  2 endoplasms (D:2)
  2 goblins
  5 hobgoblins (D:1)
  3 kobolds
  4 quokkas
  5 ball pythons
  A frilled lizard (D:1)
  A rat (D:2)
31 creatures vanquished.

Vanquished Creatures (others)
  A fungus (D:2)
1 creature vanquished.

Grand Total: 32 creatures vanquished

Notes
Turn   | Place    | Note
-------+----------+-------------------------------------------
     0 | D:1      | MrRokkomies the Djinni Transmuter began the quest for the
                  | Orb.
     0 | D:1      | Reached XP level 1. HP: 17/17 MP: 0/0
   523 | D:1      | Reached XP level 2. HP: 20/22 MP: 0/0
  1580 | D:2      | Reached XP level 3. HP: 27/28 MP: 0/0
  1580 | D:2      | Learned a level 1 spell: Pain
  1974 | D:2      | Found a faded altar of an unknown god.
  2645 | D:2      | Slain by an adder

Illustrated notes

Levels and vault maps discovered:
D:1:      lemuel_arrival_rhombus, layout_basic, chequers_avenue
D:2:      layout_rooms, shapermc_ecumenical_altar_mp_urbaneastern

Skill      XL: |  1  2  3 |
---------------+----------+-----
Fighting       | 2 |  2.1
Dodging        | |  2.6
Unarmed Combat | |  3.5
Spellcasting   | |  1.5

Action                   || total
-------------------------++-------
Melee: Unarmed           ||   157
       Headbutt          ||    14
       Punch             ||     2
 Cast: Beastly Appendage ||    21
  Use: Scroll            ||     4
       Potion            ||     4
 Stab: Sleeping          ||     2
Armor: Robe              ||    59
Dodge: Dodged            ||   139

Table legend: (Time is in decaauts)
 A = Elapsed time spent in this place.
 B = Non-inter-level travel time spent in this place.
 C = Inter-level travel time spent in this place.
 D = Time resting spent in this place.
 E = Time spent auto-exploring this place.
 F = Levels seen in this place.
 G = Mean time per level.
                   A        B        C        D        E       F      G
               +--------+--------+--------+--------+--------+-----+--------+
         Total |   2636 |   2584 |     52 |    187 |   2026 |   2 | 1318.0 |
       Dungeon |   2636 |   2584 |     52 |    187 |   2026 |   2 | 1318.0 |
               +--------+--------+--------+--------+--------+-----+--------+

Top non-repeatable levels by time:
     D:1: 1790 daAuts
     D:2: 845 daAuts
